AoeStats
← 伐木人

Arena

510520591Analyzed
4v4 RM · 2d ago on Oct 1, 2026· 51m 19s· 8 players
Game mode
Random Map
Map size
Large (8 player)
Population
200
Speed
Normal
Resources
Standard
Victory
Conquest
Starting age
Dark Age
Ending age
Imperial Age
RankedLock teamsTeams togetherTeam positionsShared explorationLock speedFull tech treeHidden civsTurbo modeCheats
Victory
Defeat
🇭🇰 Shu · Hong Kong SAR China
1058
+12
🇨🇳 Persians · China
988
+15
🇨🇳 Italians · China
908
+18
🇹🇼 Celts · Taiwan
886
+18
🇷🇺 Franks · Russia
1005
-18
🇺🇸 Chinese · United States
1004
-18
🇹🇷 Persians · Türkiye
920
-14
🇹🇷 Koreans · Türkiye
896
-13
pacoyyds
11:24 Feudal Age
12:06 Double-Bit Axe
12:05 Horse Collar
15:32 Castle Age
17:12 Bow Saw
20:12 Fervor
23:01 Wheelbarrow
24:14 Heavy Plow
26:21 Stone Mining
26:23 Gold Mining
30:38 Imperial Age
29:06 Hand Cart
29:08 Town Watch
29:08 Loom
30:00 Gold Shaft Mining
30:00 Stone Shaft Mining
30:23 Forging
30:19 Scale Barding Armor
30:25 Town Patrol
30:48 Kamandaran
31:08 Elite War Elephant
32:12 Conscription
32:29 Hoardings
32:40 Stone Shaft Mining
32:42 Citadels
32:25 Fletching
32:36 Padded Archer Armor
33:12 Iron Casting
34:11 Chain Barding Armor
34:04 Scale Mail Armor
36:07 Bodkin Arrow
36:27 Leather Archer Armor
36:59 Devotion
36:32 Crossbowman
38:12 Thumb Ring
38:37 Ballistics
38:51 Ring Archer Armor
40:13 Faith
43:04 Chemistry
42:57 Plate Barding Armor
47:57 Blast Furnace
Marlboro
11:29 Feudal Age
16:03 Castle Age
14:19 Double-Bit Axe
14:43 Horse Collar
15:36 Gold Mining
17:21 Loom
23:40 Heavy Plow
24:50 Bow Saw
30:35 Imperial Age
28:19 Scale Mail Armor
29:28 Wheelbarrow
29:33 Gold Shaft Mining
30:00 Forging
30:07 Chain Mail Armor
30:19 Pikeman
30:42 Heavy Scorpion
31:45 Gambesons
33:13 Ballistics
33:31 Iron Casting
33:44 Hand Cart
33:13 Halberdier
35:09 Chemistry
34:53 Arson
37:08 Masonry
37:10 Fortified Wall
38:07 Blast Furnace
37:37 Plate Mail Armor
伐木人
11:01 Feudal Age
11:17 Feudal Age
15:21 Castle Age
15:22 Double-Bit Axe
16:52 Wheelbarrow
16:09 Loom
26:23 Bow Saw
26:00 Horse Collar
30:47 Imperial Age
29:21 Fletching
32:50 Conscription
33:19 Gold Mining
33:19 Stone Mining
34:54 Treadmill Crane
35:25 Fortified Wall
35:33 Hand Cart
36:26 Two-Man Saw
35:59 Forging
36:29 Scale Mail Armor
37:10 Ballistics
36:23 Capped Ram
37:21 Squires
37:07 Arson
38:39 Chemistry
39:09 Stone Shaft Mining
41:44 Caravan
42:59 Pikeman
43:46 Bodkin Arrow
43:52 Padded Archer Armor
45:03 Onager
46:29 Bracer
46:45 Leather Archer Armor
46:36 Scale Barding Armor
47:06 Iron Casting
47:56 Heavy Plow
50:50 Ring Archer Armor
51:21 Blast Furnace
50:36 Chain Mail Armor
51:13 Silk Road
I just want to farm!!!
0:26 Loom
10:46 Feudal Age
14:35 Castle Age
12:49 Double-Bit Axe
13:02 Horse Collar
15:26 Bow Saw
15:19 Heavy Plow
24:10 Wheelbarrow
25:18 Gold Mining
25:22 Stone Mining
31:11 Imperial Age
29:42 Gold Shaft Mining
29:18 Fletching
29:49 Padded Archer Armor
30:00 Forging
29:52 Scale Mail Armor
30:12 Bodkin Arrow
30:55 Thumb Ring
31:14 Leather Archer Armor
30:21 Crossbowman
30:59 Elite Skirmisher
31:48 Husbandry
32:17 Ballistics
32:09 Fortified Wall
32:31 Conscription
33:18 Chemistry
32:55 Hand Cart
32:26 Town Watch
33:08 Bracer
32:30 Arbalester
33:16 Squires
33:01 Arson
32:37 Pikeman
33:45 Chain Mail Armor
34:29 Ring Archer Armor
33:47 Halberdier
35:38 Plate Mail Armor
34:57 Gambesons
35:51 Capped Ram
36:40 Siege Engineers
36:46 Fortified Wall
36:17 Treadmill Crane
36:10 Elite White Feather Guard
38:22 Coiled Serpent Array
39:19 Masonry
39:05 Murder Holes
40:17 Two-Man Saw
40:52 Hoardings
41:27 Architecture
41:04 Scale Barding Armor
40:20 Light Cavalry
41:31 Bolt Magazine
45:45 Chain Barding Armor
46:11 Siege Ram
48:12 Plate Barding Armor
50:02 Caravan
50:32 Coinage
Morias1stt
8:51 Loom
11:32 Feudal Age
16:34 Castle Age
15:37 Stone Mining
15:40 Double-Bit Axe
15:52 Stone Mining
23:12 Gold Mining
31:17 Imperial Age
29:32 Kamandaran
30:47 Light Cavalry
33:25 Conscription
33:19 Bloodlines
34:35 Chemistry
33:54 Husbandry
35:30 Pikeman
37:32 Wheelbarrow
36:35 Crossbowman
37:23 Thumb Ring
37:56 Padded Archer Armor
37:46 Fletching
39:28 Scale Barding Armor
39:39 Leather Archer Armor
39:20 Bodkin Arrow
39:36 Forging
39:32 Halberdier
40:12 Squires
41:38 Elite War Elephant
42:25 Hussar
Get Rekt
12:44 Feudal Age
14:41 Double-Bit Axe
17:49 Castle Age
16:15 Stone Mining
16:30 Horse Collar
21:19 Heavy Plow
23:18 Bow Saw
24:35 Wheelbarrow
24:52 Pikeman
25:31 Gold Mining
32:26 Imperial Age
31:29 Fletching
31:28 Town Watch
31:08 Elite Skirmisher
32:42 Gold Shaft Mining
32:45 Stone Shaft Mining
33:09 Ballistics
33:45 Conscription
35:35 Chemistry
34:47 Careening
35:24 Murder Holes
36:21 Theocracy
36:35 Halberdier
39:12 Forging
39:02 Scale Mail Armor
48:28 Two-Man Saw
46:54 Light Cavalry
47:33 Hussar
McArrow
0:28 Loom
9:50 Feudal Age
13:57 Castle Age
12:29 Double-Bit Axe
13:26 Horse Collar
15:55 Bow Saw
22:08 Wheelbarrow
22:11 Town Watch
22:57 Heavy Plow
23:16 Gold Mining
24:10 Hand Cart
25:34 Gold Shaft Mining
28:12 Imperial Age
26:30 Stone Mining
26:44 Town Patrol
27:20 Ballistics
26:51 Fletching
27:29 Bodkin Arrow
28:35 Thumb Ring
28:10 Elite Skirmisher
28:46 Capped Ram
29:42 Squires
30:57 Two-Man Saw
30:38 Stone Shaft Mining
29:47 Elite Chu Ko Nu
32:07 Chemistry
31:40 Siege Ram
32:56 Conscription
32:29 Crossbowman
33:57 Coinage
33:34 Bracer
34:16 Great Wall
34:40 Heavy Rocket Cart
39:38 Fortified Wall
39:51 Bombard Tower
39:37 Padded Archer Armor
39:36 Murder Holes
40:37 Banking
40:54 Masonry
41:07 Rocketry
42:15 Arbalester
46:12 Leather Archer Armor
maks777sd
10:52 Feudal Age
16:10 Castle Age
15:53 Scale Barding Armor
19:59 Double-Bit Axe
23:31 Wheelbarrow
25:03 Hand Cart
27:35 Chain Barding Armor
27:26 Forging
28:17 Loom
30:35 Iron Casting
32:49 Imperial Age
31:40 Bow Saw
31:25 Gold Mining
31:26 Stone Mining
31:45 Husbandry
33:31 Cavalier
35:52 Paladin
37:12 Plate Barding Armor
38:26 Elite Throwing Axeman
40:48 Gold Shaft Mining
Connection lost

Rejoining the realm…

Still unreachable

The connection could not be restored.

Session expired

The server has moved on; the page needs a fresh start.